 Dungeon Crawl Stone Soup version 0.29.1-12-g30fa7ad0bf (webtiles) character file.

Game seed: 6928220440504184724

71 raph the Caller (level 4, -4/24 HPs)
             Began as a Deep Elf Summoner on Jan 15, 2023.
             Killed from afar by a white imp (8 damage)
             ... with a puff of frost
             ... summoned by Natasha
             ... on level 2 of the Dungeon.
             The game lasted 00:02:59 (2188 turns).

raph the Caller (Deep Elf Summoner)                 Turns: 2188, Time: 00:03:00

Health: -4/24      AC:  2    Str:  5    XL:     4   Next: 5%
Magic:  2/10       EV: 12    Int: 22    God:
Gold:   90         SH:  0    Dex: 15    Spells: 3/9 levels left

rFire   . . .      SeeInvis .   h - +0 dagger (flame)
rCold   . . .      Faith    .   (no shield)
rNeg    . . .      Spirit   .   a - +0 robe
rPois   +          Reflect  .   (no helmet)
rElec   .          Harm     .   (no cloak)
rCorr   .          Rampage  .   (no gloves)
Will    .....                   (no boots)
Stlth   ++........              (no amulet)
HPRegen 0.08/turn               i - ring of poison resistance
MPRegen 0.12/turn               (no ring)

@: mighty
A: no striking features
a: no special abilities


You were on level 2 of the Dungeon.
You visited 1 branch of the dungeon, and saw 2 of its levels.

You collected 90 gold pieces.

Inventory:

Hand Weapons
 c - a +0 dagger
 h - a +0 dagger of flaming (weapon)
Armour
 a - a +0 robe (worn)
Jewellery
 i - a ring of poison resistance (left hand)
Scrolls
 d - a scroll of torment {unknown}
 e - a scroll of identify {unknown}
 g - 3 scrolls of teleportation {unknown}
 k - a scroll of amnesia {unknown}
Potions
 b - a potion of magic
 j - a potion of haste {unknown}


   Skills:
 - Level 2.4 Dodging
 - Level 2.4 Stealth
 - Level 3.0 Spellcasting
 + Level 6.2 Summonings


You had 3 spell levels left.
You knew the following spells:

 Your Spells              Type           Power      Damage    Failure   Level
a - Summon Small Mammal   Summ           100%       N/A       1%          1
b - Call Imp              Summ           30%        N/A       1%          2
c - Call Canine Familiar  Summ           30%        N/A       3%          3

Your spell library contained the following spells:

 Spells                   Type           Power      Damage    Failure   Level
 Summon Guardian Golem    Hex/Summ       17%        N/A       11%         3
 Beastly Appendage        Tmut           6%         N/A       12%         1
 Wereblood                Tmut           3%         N/A       19%         2
 Spider Form              Tmut/Pois      3%         N/A       36%         3
 Summon Lightning Spire   Summ/Air       17%        N/A       34%         4


Dungeon Overview and Level Annotations

Branches:
Dungeon (2/15)

Altars:

Annotations:
D:2 Natasha


Message History

Natasha claws you.
* * * LOW HITPOINT WARNING * * *
It was a potion of might.
You feel very mighty all of a sudden.
Your hound bites Natasha.
Natasha claws your hound.
Your hound bites Natasha.
Your magical contamination has completely faded away.
You hit Natasha. You burn Natasha.
You kill Natasha!
Natasha screams in pain as she dies!
Your Summonings skill increases to level 6!
You have reached level 4!
You feel clever.
You start resting.
Your hound disappears in a puff of smoke!
Your rat disappears in a puff of smoke!
Natasha, Servant of Life and Death comes into view.
She is carrying a wand of flame (12).
Casting: Summon Small Mammal (safe; 1% risk of failure)
Confirm with . or Enter, or press ? or * to list all spells.
Natasha hisses angrily.
Natasha claws you.
* * * LOW HITPOINT WARNING * * *
Casting: Call Canine Familiar (quite dangerous; 3% risk of failure)
Confirm with . or Enter, or press ? or * to list all spells.
You don't have enough magic to cast this spell.
Casting: Call Canine Familiar (quite dangerous; 3% risk of failure)
Confirm with . or Enter, or press ? or * to list all spells.
Your hound closely misses Natasha.
Natasha closely misses you.
You swap places.
Your hound bites Natasha.
Natasha stares at you and mumbles some strange words.
Your quokka seems to slow down.
Your quokka bites Natasha.
Your hound bites Natasha.
Your hound barely misses Natasha.
Natasha drinks a potion.
Natasha is healed!
Your quokka bites Natasha but does no damage.
Something barely misses your quokka.
Natasha casts a spell.
Your quokka bites Natasha but does no damage.
There is a stone staircase leading down here.
The white imp gestures at you. The puff of frost hits you!
You die...

~~~P~~## # ##...#
~~~~♣## #.#[##.#..#
~~~♣# #.....###.# ~~♣#
######.#.##
~~######### ##5.# #
♣.........# #>.# .#
#.#######.# #..##.#
..# #.# #....# #.#
##.## #.@##.#
#.######...# #.<# .♣
#>........#.###..##♣♣♣
######.##.##.##....~♣♣
#.##.†.........~~~
#.#####..##.##~♣~~
##.###.#.##.# ♣♣ ♣
#...##.##.#
######.##..


You could see a white imp (summoned).

Vanquished Creatures
  Natasha (D:2)
  4 ball pythons
  An endoplasm (D:1)
  A goblin (D:1)
  2 hobgoblins
  2 quokkas (D:1)
  A frilled lizard (D:1)
  A kobold (D:1)
13 creatures vanquished.

Vanquished Creatures (collateral kills)
  An adder (D:2)
  A dart slug (D:1)
  2 endoplasms (D:1)
  A giant cockroach (D:1)
  2 goblins (D:1)
  3 jackals (D:1)
  6 kobolds
  2 ball pythons
  A frilled lizard (D:2)
19 creatures vanquished.

Vanquished Creatures (others)
  10 plants (D:2)
10 creatures vanquished.

Grand Total: 42 creatures vanquished

Notes
Turn   | Place    | Note
-------+----------+-------------------------------------------
     0 | D:1      | raph the Deep Elf Summoner began the quest for the Orb.
     0 | D:1      | Reached XP level 1. HP: 10/10 MP: 6/6
   352 | D:1      | Reached XP level 2. HP: 11/15 MP: 5/8
   367 | D:1      | Reached skill level 5 in Summonings
   370 | D:1      | Learned a level 2 spell: Call Imp
   842 | D:1      | Reached XP level 3. HP: 4/19 MP: 5/9
   846 | D:1      | Learned a level 3 spell: Call Canine Familiar
  2131 | D:2      | Noticed Natasha
  2146 | D:2      | Killed Natasha
  2147 | D:2      | Reached skill level 6 in Summonings
  2147 | D:2      | Reached XP level 4. HP: 3/24 MP: 1/10
  2174 | D:2      | Noticed Natasha
  2188 | D:2      | Killed from afar by a white imp

Illustrated notes

Levels and vault maps discovered:
D:1:      sevenhm_arrival_forest_fort_large_3, layout_basic,
          minmay_misc_feat_doors
D:2:      layout_loops_ring, serial_bayou, serial_bayou_pond_d,
          serial_bayou_shore_b, serial_bayou_crossing, serial_bayou_pond_d,
          serial_bayou_lagoon_b, uniq_natasha, uniq_jessica

Skill      XL: |  1  2  3 |
---------------+----------+-----
Summonings     | 5 6 |  6.2
Dodging        | |  2.4
Stealth        | |  2.4
Spellcasting   | |  3.0

Action                   |  1- 3 |  4- 6 || total
-------------------------+-------+-------++-------
Melee: Dagger            |    56 |       ||    56
       Unarmed           |     5 |       ||     5
 Cast: Summon Small Mamm |    21 |     1 ||    22
       Call Imp          |     8 |       ||     8
       Call Canine Famil |     4 |     1 ||     5
  Use: Potion            |     1 |       ||     1
 Stab: Sleeping          |     3 |       ||     3
       Distracted        |     1 |       ||     1
Armor: Robe              |    13 |       ||    13
Dodge: Dodged            |    51 |     1 ||    52
